 Dungeon Crawl Stone Soup version 0.31-a0-167-g1c394c0614 (webtiles) character file.

Game seed: 9211163118251842989

179 SkeletonJelly the Insei (level 5, -1/37 HPs)
             Began as a Djinni Transmuter on June 14, 2023.
             Slain by a sleepcap (4 damage)
             ... on level 4 of the Dungeon.
             The game lasted 00:08:23 (2287 turns).

SkeletonJelly the Insei (Djinni Transmuter)         Turns: 2287, Time: 00:08:23

Health: -1/37      AC:  2    Str:  9    XL:     5   Next: 90%
Gold:   85         EV: 12    Int: 17    God:
                   SH:  0    Dex: 13

rFire   + +          .
                       - Unarmed
rCold   x . .        (no shield)
rNeg    . . .        a - +0 robe
rPois   ∞            (no helmet)
rElec   .            (no cloak)
rCorr   .            (no gloves)
SInv    +            (boots unavailable)
Will    .....        (no amulet)
Stlth   +            m - ring of see invisible
HPRegen 0.26/turn    (no ring)
MPRegen 0.00/turn

%: infuse magic (-2 HP)
@: flying
A: sickness immunity, fire resistance 2, cold vulnerability 1, float, innate
caster, HP casting, extra vitality 1
a: no special abilities


You were on level 4 of the Dungeon.
You visited 1 branch of the dungeon, and saw 4 of its levels.

You collected 85 gold pieces.

Inventory:

Missiles
 e - 3 poisoned darts
Armour
 a - a +0 robe (worn)
 l - a scarf of shadows
Jewellery
 m - a ring of see invisible (left hand)
Scrolls
 d - a scroll of silence {unknown}
 g - a scroll of summoning {unknown}
 i - a scroll of fear {unknown}
 j - a scroll of enchant weapon {unknown}
 n - 2 scrolls of identify {unknown}
 o - a scroll of fog {unknown}
 q - a scroll of blinking {unknown}
 s - a scroll of teleportation {unknown}
Potions
 b - a potion of lignification
 c - 3 potions of haste {unknown}
 f - a potion of heal wounds {unknown}
 h - 3 potions of attraction {unknown}
 k - a potion of mutation {unknown}
 p - 2 potions of curing {unknown}
 r - a potion of cancellation {unknown}
 t - a potion of invisibility {unknown}


   Skills:
 - Level 1.0 Fighting
 - Level 2.1 Dodging
 + Level 4.7 Unarmed Combat
 + Level 3.5 Spellcasting
 + Level 3.5 Conjurations
 + Level 3.5 Hexes
   Level 0.0 Charms
 + Level 3.5 Summonings
 + Level 3.5 Necromancy
 + Level 3.5 Translocations
 + Level 3.5 Transmutations
 + Level 3.5 Fire Magic
 + Level 3.5 Ice Magic
 + Level 3.5 Air Magic
 + Level 3.5 Earth Magic
 + Level 3.5 Poison Magic


You knew the following spells:

 Your Spells              Type           Power      Damage    Failure   Level
a - Beastly Appendage     Tmut           28%        N/A       4%          1
b - Slow                  Hex            56%        N/A       4%          1
c - Momentum Strike       Conj/Tloc      28%        3d8       6%          2
q - Spider Form           Tmut/Pois      14%        N/A       12%         3
s - Wereblood             Tmut           14%        N/A       6%          2
w - Ice Form              Ice/Tmut       14%        N/A       36%         4
Your spell library was empty.

Dungeon Overview and Level Annotations

Branches:
Dungeon (4/15)
 Temple: D:4-7

Altars:


Innate Abilities, Weirdness & Mutations

You are immune to sickness and miasma.
You are immune to poison.
Your flesh is very heat resistant. (rF++)
You are vulnerable to cold. (rC-)
You float through the air rather than walking.
You learn spells naturally, not from books.
Your magical power is your life essence.
You have superior vitality. (+4 MHP)


Message History

You fly downwards.
There is a stone staircase leading up here.
Casting: Beastly Appendage (safe; 4% risk of failure)
Confirm with . or Enter, or press ? or * to list all spells.
Your blood is infused with primal strength.
The scorpion stings you but does no damage.
You take 1 damage, and have 36/37 hp.
Casting: Wereblood (safe; 7% risk of failure)
Confirm with . or Enter, or press ? or * to list all spells.
You grow a pair of large bovine horns.
The scorpion stings you.
You take 5 damage, and have 31/37 hp.
You hit the scorpion. You headbutt the scorpion.
The scorpion is heavily wounded.
The scorpion completely misses you.
You hit the scorpion.
The scorpion is severely wounded.
The scorpion stings you but does no damage.
You hit the scorpion.
The scorpion is severely wounded.
The scorpion stings you.
You take 3 damage, and have 28/37 hp.
You hit the scorpion but do no damage.
You punch the scorpion, but do no damage.
The scorpion is severely wounded.
The scorpion barely misses you.
You barely miss the scorpion. Your headbutt misses the scorpion.
The scorpion is severely wounded.
The scorpion stings you. The sleepcap releases spores at you.
The scorpion barely misses you.
You take 5 damage, and have 23/37 hp.
You hit the scorpion but do no damage.
The scorpion is severely wounded.
The sleepcap completely misses you. The scorpion stings you.
You take 1 damage, and have 22/37 hp.
You hit the scorpion but do no damage.
The scorpion is severely wounded.
The sleepcap misses you. The scorpion closely misses you.
You closely miss the scorpion. You punch the scorpion.
The scorpion is severely wounded.
The sleepcap misses you. The scorpion barely misses you.
You closely miss the scorpion. You headbutt the scorpion.
You feel a bit better.
You kill the scorpion!
Your transformation is almost over.
The sleepcap misses you.
You hit the sleepcap.
The sleepcap is lightly damaged.
The sleepcap closely misses you.
You hit the sleepcap. You headbutt the sleepcap.
The sleepcap is moderately damaged.
The sleepcap releases spores at you.
You take 6 damage, and have 18/37 hp.
You are too injured to fight recklessly!
You are too injured to fight recklessly!
You are too injured to fight recklessly!
You are too injured to fight recklessly!
You are too injured to fight recklessly!
You are too injured to fight recklessly!
You are too injured to fight recklessly!
You hit the sleepcap but do no damage.
The sleepcap is moderately damaged.
The sleepcap closely misses you.
You hit the sleepcap but do no damage.
The sleepcap is moderately damaged.
The sleepcap releases spores at you.
You take 6 damage, and have 13/37 hp.
You hit the sleepcap.
The sleepcap is heavily damaged.
You hit the sleepcap but do no damage.
The sleepcap is heavily damaged.
Your primal bloodlust is almost over.
The sleepcap releases spores at you.
* * * LOW HITPOINT WARNING * * *
You take 3 damage, and have 10/37 hp.
You hit the sleepcap but do no damage.
You headbutt the sleepcap, but do no damage.
The sleepcap is heavily damaged.
The sleepcap barely misses you.
You hit the sleepcap.
The sleepcap is heavily damaged.
The sleepcap releases spores at you but does no damage.
You hit the sleepcap but do no damage.
The sleepcap is heavily damaged.
The sleepcap closely misses you.
You hit the sleepcap. You headbutt the sleepcap.
The sleepcap is severely damaged.
The sleepcap releases spores at you.
* * * LOW HITPOINT WARNING * * *
You take 6 damage, and have 4/37 hp.
You hit the sleepcap.
The sleepcap is severely damaged.
Your horns disappear.
The sleepcap releases spores at you.
* * * LOW HITPOINT WARNING * * *
You take 1 damage, and have 3/37 hp.
You hit the sleepcap.
The sleepcap is almost destroyed.
Your primal bloodlust has ended.
The sleepcap releases spores at you.
You die...

##.....####
.........
.......#
......#
.....#
#....#
#....#
#.@..#
#.f..#
#....#
#....#
......
........
........+
.........#


You could see a sleepcap.

Vanquished Creatures
  A scorpion (D:4)
  9 adders (D:3)
  A worm (D:2)
  2 dart slugs
  6 ball pythons
  3 endoplasms
  A giant cockroach (D:2)
  5 goblins
  3 jackals (D:1)
  8 bats
  2 frilled lizards
  A kobold (D:3)
  2 rats
44 creatures vanquished.

Notes
Turn   | Place    | Note
-------+----------+-------------------------------------------
     0 | D:1      | SkeletonJelly the Djinni Transmuter began the quest for the
                  | Orb.
     0 | D:1      | SkeletonJelly set off with the following spells memorised:
                  | Beastly Appendage, Wereblood, Spider Form, Ice Form.
     0 | D:1      | Reached XP level 1. HP: 17/17 MP: 0/0
     6 | D:1      | Noticed a wolf
     6 | D:1      | Noticed a swamp worm
     7 | D:1      | Noticed a rime drake
     7 | D:1      | Noticed a black bear
   263 | D:1      | Reached XP level 2. HP: 12/22 MP: 0/0
   881 | D:2      | Reached XP level 3. HP: 27/27 MP: 0/0
   881 | D:2      | Learned a level 1 spell: Slow
  1618 | D:3      | Reached XP level 4. HP: 32/32 MP: 0/0
  1744 | D:3      | Reached skill level 4 in Unarmed Combat
  1941 | D:3      | Found a faded altar of an unknown god.
  2062 | D:3      | Reached XP level 5. HP: 28/37 MP: 0/0
  2062 | D:3      | Learned a level 2 spell: Momentum Strike
  2287 | D:4      | Slain by a sleepcap

Illustrated notes

Levels and vault maps discovered:
D:1:      onia_arrival_zoo_common, layout_basic
D:2:      layout_loops_corners
D:3:      layout_rooms, ebering_ecumenical_altar_sacrificial, nicolae_half_adder
D:4:      layout_gridville, kennysheep_mini_moat, minmay_temple_entry_junction,
          gammafunk_ghost_stat_death

Skill      XL: |  1  2  3  4 |
---------------+-------------+-----
Unarmed Combat | 4 |  4.7
Spellcasting   | 3 |  3.5
Conjurations   | 3 |  3.5
Hexes          | 3 |  3.5
Summonings     | 3 |  3.5
Necromancy     | 3 |  3.5
Translocations | 3 |  3.5
Transmutations | 3 |  3.5
Fire Magic     | 3 |  3.5
Ice Magic      | 3 |  3.5
Air Magic      | 3 |  3.5
Earth Magic    | 3 |  3.5
Poison Magic   | 3 |  3.5
Fighting       | |  1.0
Dodging        | |  2.1

Action                     |  1- 3 |  4- 6 || total
---------------------------+-------+-------++-------
  Melee: Unarmed           |    73 |    99 ||   172
         Headbutt          |    13 |    14 ||    27
         Punch             |     4 |     5 ||     9
   Cast: Beastly Appendage |    20 |    10 ||    30
         Wereblood         |    15 |     8 ||    23
   Stab: Sleeping          |     1 |       ||     1
 Armour: Robe              |    18 |    19 ||    37
  Dodge: Dodged            |    49 |    78 ||   127

Table legend: (Time is in decaauts)
 A = Elapsed time spent in this place.
 B = Non-inter-level travel time spent in this place.
 C = Inter-level travel time spent in this place.
 D = Time resting spent in this place.
 E = Time spent auto-exploring this place.
 F = Levels seen in this place.
 G = Mean time per level.
                   A        B        C        D        E       F      G
               +--------+--------+--------+--------+--------+-----+--------+
         Total |   2274 |   2235 |     39 |      0 |   1832 |   4 |  568.5 |
       Dungeon |   2274 |   2235 |     39 |      0 |   1832 |   4 |  568.5 |
               +--------+--------+--------+--------+--------+-----+--------+

Top non-repeatable levels by time:
     D:2: 907 daAuts
     D:1: 687 daAuts
     D:3: 658 daAuts
     D:4: 21 daAuts
